[Event "Early-Titled-Tuesday-Blitz-February-06-2024"]
[Site "Chess.com"]
[Date "2024.02.06"]
[Round "6"]
[White "vladgoncharov"]
[Black "bogcsab"]
[Result "1-0"]
[WhiteElo "2639"]
[BlackElo "2415"]
[TimeControl "180+1"]
[EndTime "9:07:02 PST"]
[Termination "vladgoncharov won by resignation"]

1. d4 Nf6 2. c4 g6 3. Nc3 Bg7 4. Nf3 O-O 5. Bg5 h6 6. Bh4 d6 7.
e3 Nbd7 8. Be2 e5 9. Qc2 c6 10.
Rd1 Qe8 11. dxe5 dxe5 12. O-O Nh7 13. Nd2 f5 14. f3 g5 15. Bf2 Ndf6 16. c5 Be6 17. Nc4 Qe7 18. Nxe5 Qxc5 19. Ng6 Rf7 20. e4 Qa5 21. Rd6 Re8 22. Rxe6 Rxe6 23. Bc4 Nd5 24. exd5 Rxg6 25. dxc6 Rxc6 26. Bxf7+ Kxf7 27. Qb3+ Kf8 28. Qxb7 Qc7 29. Qa8+ Qc8 30. Qxa7 Rc7 31. Qa3+ Kg8 32.
Nd5 Rb7 33. Ne7+ Rxe7 34. Qxe7 Bxb2 35. Re1 Bf6 36. Qe8+ Qxe8 37. Rxe8+ Kf7 38. Rb8 Be5 39. Rb7+ Kg6 40. a4 g4 41. a5 gxf3 42. gxf3 Nf6 43. a6 Nh5 44. a7 Nf4 45. a8=Q Kh5 46. Qe8+ Ng6 47. Rb6 1-0

[Event "Early-Titled-Tuesday-Blitz-February-06-2024"]
[Site "Chess.com"]
[Date "2024.02.06"]
[Round "6"]
[White "Darius321"]
[Black "IsaqueGoncalvesSanto"]
[Result "1-0"]
[WhiteElo "2373"]
[BlackElo "1857"]
[TimeControl "180+1"]
[EndTime "9:07:02 PST"]
[Termination "Darius321 won on time"]

1. e4 e6 2. d4 d5 3. e5 c5 4.
c3 Nc6 5. Nf3 Bd7 6. a3 c4 7.
Be2 Qb6 8. O-O Nge7 9. Re1 f5 10. exf6 gxf6 11. Nbd2 Na5 12. Nf1 O-O-O 13. Bf4 Ng6 14. Bg3 Nb3 15. Rb1 Bd6 16. N3d2 Ba4 17. Nxb3 Bxb3 18.
Qd2 Rde8 19. Bd1 Bxd1 20. Qxd1 Qc7 21. b3 Bxg3 22. Nxg3 h5 23. bxc4 Qxc4 24. Nf1 Kb8 25. Ne3 Qxc3 26. Rb3 Qc6 27. Qb1 Rc8 28. Qxg6 e5 29.
dxe5 d4 30. Qxf6 dxe3 31. Rbxe3 Qd5 32. Qd6+ Qxd6 33. exd6 Rhd8 34. Rd3 Rc6 35. Red1 b6 36. g3 Kb7 37. h4 a6 38. Rd5 b5 39. Rxh5 Rdxd6 40. Rxd6 Rxd6 41. g4 Rd3 42. g5 Rxa3 43.
g6 Rc3 44. g7 Rc8 45. Rh8 1-0

[Event "Early-Titled-Tuesday-Blitz-February-06-2024"]
[Site "Chess.com"]
[Date "2024.02.06"]
[Round "6"]
[White "HeroWilczek"]
[Black "DDTerziev04"]
[Result "1-0"]
[WhiteElo "2486"]
[BlackElo "2311"]
[TimeControl "180+1"]
[EndTime "9:07:03 PST"]
[Termination "HeroWilczek won on time"]

1. e4 d6 2. d4 Nf6 3. Nc3 g6 4.
Nf3 Bg7 5. Be2 O-O 6. O-O c6 7. a4 Qc7 8. h3 e5 9. Be3 Nbd7 10.
Qd2 Re8 11. dxe5 dxe5 12. Rad1 Bf8 13. Bh6 Nh5 14. Bxf8 Nxf8 15. Bc4 Ne6 16. g3 Qb6 17. Bxe6 Bxe6 18. Kg2 Bc4 19. Rfe1 Rad8 20. Qc1 Qc5 21. Qe3 Qxe3 22. Rxe3 Rxd1 23. Nxd1 Nf6 24. b3 Ba6 25.
Nc3 Nd7 26. Re1 f6 27. Rd1 Re7 28. b4 Bc4 29. Nd2 Be6 30. Nf1 Kf7 31. Ne3 Nb6 32.
a5 Nc4 33. Nxc4 Bxc4 34. Kf3 Ke6 35. Ke3 Rd7 36. Rxd7 Kxd7 37. Na4 Kc7 38. Nb2 Be6 39. c4 b6 40. axb6+ axb6 41. h4 c5 42. b5 Kd6 43.
Kd3 h5 44. Nd1 f5 45. Nc3 f4 46. Ne2 1-0

[Event "Early-Titled-Tuesday-Blitz-February-06-2024"]
[Site "Chess.com"]
[Date "2024.02.06"]
[Round "6"]
[White "Kapitan_Bayan"]
[Black "ProChessWICTH"]
[Result "0-1"]
[WhiteElo "2385"]
[BlackElo "2526"]
[TimeControl "180+1"]
[EndTime "9:07:04 PST"]
[Termination "ProChessWICTH won by checkmate"]

1. e4 c5 2. Nf3 e6 3. d4 cxd4 4. Nxd4 a6 5. c4 Nf6 6. Nc3 Bb4 7. f3 O-O 8. Bg5 Qa5 9. Bxf6 Bxc3+ 10. bxc3 Qxc3+ 11. Kf2 gxf6 12. Rc1 Qa5 13. Be2 Nc6 14. Nb3 Qc7 15.
Rf1 b6 16. Kg1 Bb7 17. f4 Ne7 18. Bd3 Ng6 19. Qg4 Kh8 20. h4 Rg8 21. g3 Nxf4 22. Qxf4 Qxf4 23. Rxf4 Rxg3+ 24. Kf2 Rxd3 25. Rg1 Rg8 26.
Rxg8+ Kxg8 27. Ke2 Rh3 28. Rg4+ Kf8 29. c5 b5 30. Na5 Bc6 31. Nxc6 dxc6 32. e5 fxe5 33. a4 Rc3 34. axb5 axb5 35. h5 h6 36. Re4 Rxc5 37.
Kd3 f5 38. Re1 Rd5+ 39. Kc3 Kf7 40. Rg1 e4 41. Rg6 e3 42. Rxh6 e2 43. Rh7+ Kg8 44.
Re7 e1=Q+ 45. Kc2 Qd2+ 46. Kb3 Qd3+ 47. Kb2 Qd2+ 48. Kb3 Rd3# 0-1

[Event "Early-Titled-Tuesday-Blitz-February-06-2024"]
[Site "Chess.com"]
[Date "2024.02.06"]
[Round "6"]
[White "mbchess97"]
[Black "Timerkhanov"]
[Result "0-1"]
[WhiteElo "2438"]
[BlackElo "2646"]
[TimeControl "180+1"]
[EndTime "9:07:05 PST"]
[Termination "Timerkhanov won by resignation"]

1. c4 c6 2. g3 d5 3. Nf3 Nf6 4. Bg2 g6 5. O-O Bg7 6. Qb3 O-O 7. d3 Re8 8. Bf4 Nbd7 9. Nc3 e5 10. Bg5 h6 11. Bxf6 Nxf6 12. cxd5 cxd5 13. d4 e4 14. Ne5 Be6 15. Rac1 Nd7 16. Nxd7 Qxd7 17. Nb5 Rec8 18. Rxc8+ Qxc8 19. e3 Qc6 20. Nc3 Rc8 21. f3 f5 22.
fxe4 fxe4 23. Bxe4 dxe4 24. d5 Bxc3 25. dxc6 Bxb3 26.
cxb7 Rb8 27. bxc3 Bxa2 28. Ra1 Bd5 29. Rxa7 Rxb7 30. Ra5 Bc4 31. Rc5 Bd3 32. Rc6 Kf7 33.
Kg2 Rb2+ 34. Kh3 Bf1+ 35. Kg4 Rxh2 36. Kf4 Bd3 37. Ke5 Rh5+ 38. Kd4 Rg5 39. Rc7+ Ke6 40.
Rc6+ Kd7 41. Ra6 Rxg3 42. c4 Rg1 43. c5 Bxa6 0-1

[Event "Early-Titled-Tuesday-Blitz-February-06-2024"]
[Site "Chess.com"]
[Date "2024.02.06"]
[Round "6"]
[White "Nikolakis2014"]
[Black "Levanzovsky"]
[Result "1-0"]
[WhiteElo "2726"]
[BlackElo "2513"]
[TimeControl "180+1"]
[EndTime "9:07:05 PST"]
[Termination "Nikolakis2014 won on time"]

1. Nf3 Nf6 2. c4 e6 3. g3 d5 4.
d4 c5 5. Bg2 Nc6 6. O-O cxd4 7.
Nxd4 Bc5 8. Nb3 Be7 9. cxd5 Nxd5 10. e4 Ndb4 11. Qxd8+ Bxd8 12. Nc3 Nd3 13. Rd1 Nxc1 14. Raxc1 Bb6 15. Na4 Ke7 16. Nbc5 Rd8 17. Kf1 Rxd1+ 18.
Rxd1 Bxc5 19. Nxc5 b6 20. e5 bxc5 21. Bxc6 Rb8 22. b3 Rb6 23. Ba4 Rb4 24. f4 f6 25.
Rd6 fxe5 26. fxe5 Re4 27. Rc6 Kd8 28. Rxc5 Ba6+ 29. Bb5 Bxb5+ 30. Rxb5 Kc7 31. a4 a6 32. Rc5+ Kb6 33. Rc8 Rxe5 34. Rg8 Rg5 35. Kf2 Kc5 36. Rb8 Kd4 37. Rb6 e5 38. Rxa6 e4 39.
Ke2 Rc5 40. Rd6+ Ke5 41. Rd2 Rc3 42. Rb2 Kd4 43. a5 e3 44. a6 Rc6 45. Ra2 Rf6 46.
Ra4+ 1-0

[Event "Early-Titled-Tuesday-Blitz-February-06-2024"]
[Site "Chess.com"]
[Date "2024.02.06"]
[Round "6"]
[White "Rosh1610"]
[Black "kecalk"]
[Result "0-1"]
[WhiteElo "2351"]
[BlackElo "2504"]
[TimeControl "180+1"]
[EndTime "9:07:05 PST"]
[Termination "kecalk won on time"]

1. e4 c5 2. Nc3 Nc6 3. f4 g6 4. Nf3 Bg7 5. Bc4 e6 6. f5 gxf5 7. exf5 d5 8. Bb5 Ne7 9. fxe6 fxe6 10. d4 cxd4 11. Nxd4 O-O 12. Be3 e5 13. Nxc6 bxc6 14.
Bd3 d4 15. Bc4+ Kh8 16. Bg5 h6 17. Bxe7 Qxe7 18. Ne4 Qb4+ 19. Nd2 e4 20. a3 Qe7 21. Qe2 e3 22. Nf3 Rb8 23. O-O Rxb2 24. Qd3 Bf5 25. Qd1 Bxc2 26. Qb1 Bxb1 0-1

[Event "Early-Titled-Tuesday-Blitz-February-06-2024"]
[Site "Chess.com"]
[Date "2024.02.06"]
[Round "6"]
[White "Makswolf200817"]
[Black "koncheto"]
[Result "1-0"]
[WhiteElo "2713"]
[BlackElo "2513"]
[TimeControl "180+1"]
[EndTime "9:07:06 PST"]
[Termination "Makswolf200817 won on time"]

1. e4 c5 2. Nf3 d6 3. d4 cxd4 4.
Nxd4 Nf6 5. Nc3 Nc6 6. f3 e6 7. Be3 a6 8. Qd2 Qc7 9. g4 b5 10. g5 Nd7 11. a3 Bb7 12. O-O-O Be7 13. Kb1 Rc8 14. h4 Nde5 15. Qf2 Na5 16. Ndxb5 Qb8 17. Ba7 Qa8 18. Nxd6+ Bxd6 19. Rxd6 Rxc3 20. bxc3 O-O 21. Bc5 Nxf3 22. Bb4 Nc6 23. Rxc6 Bxc6 24. Bxf8 Kxf8 25. Bd3 Bxe4 26. Rf1 Qb8+ 27. Ka1 Qe5 28. Bxe4 Qxc3+ 29. Ka2 Qc4+ 30. Kb2 Qb5+ 31. Kc1 1-0

[Event "Early-Titled-Tuesday-Blitz-February-06-2024"]
[Site "Chess.com"]
[Date "2024.02.06"]
[Round "6"]
[White "PapaieDudu"]
[Black "Huragan007"]
[Result "0-1"]
[WhiteElo "2421"]
[BlackElo "2590"]
[TimeControl "180+1"]
[EndTime "9:07:06 PST"]
[Termination "Huragan007 won by resignation"]

1. Nf3 Nf6 2. d4 g6 3. Bf4 Bg7 4. e3 d6 5. Bd3 O-O 6. h3 Nbd7 7. O-O Qe8 8. Bh2 e5 9. dxe5 dxe5 10. e4 b6 11. Qe2 Bb7 12. Nbd2 Nh5 13. Rfe1 Qe7 14. Nc4 Rae8 15. Ne3 Nf4 16. Bxf4 exf4 17. Nc4 Nc5 18. Ncd2 Bxb2 19. Rab1 Bc3 20. Red1 f5 21. e5 Bxe5 22. Bc4+ Kg7 23. Nxe5 Qxe5 24. Qf1 f3 25. gxf3 Qf4 26. Qg2 Rd8 27. Nf1 Rxd1 28. Rxd1 Bxf3 29. Qg3 Qxg3+ 30. fxg3 Bxd1 31. Ne3 Bf3 32. Kf2 Be4 33. Bb5 c6 34. Be2 Rd8 35. h4 a5 36. Nc4 b5 37. Nxa5 Rd2 38.
Ke3 Rxc2 39. a3 Ra2 0-1

[Event "Early-Titled-Tuesday-Blitz-February-06-2024"]
[Site "Chess.com"]
[Date "2024.02.06"]
[Round "6"]
[White "Perecke"]
[Black "CADMartin"]
[Result "0-1"]
[WhiteElo "2586"]
[BlackElo "2461"]
[TimeControl "180+1"]
[EndTime "9:07:07 PST"]
[Termination "CADMartin won on time"]

1. e4 c5 2. Nf3 d6 3. d4 cxd4 4. Nxd4 Nf6 5. Nc3 a6 6. Bg5 e6 7.
f4 h6 8. Bh4 Qb6 9. a3 Be7 10.
Bf2 Qc7 11. Qf3 e5 12. Nf5 Bxf5 13. exf5 Nbd7 14. O-O-O Rc8 15. g4 e4 16. Qg3 d5 17.
g5 Nh5 18. Qg4 Bxa3 19. Bd4 hxg5 20. bxa3 gxf4 21. Rd2 Ne5 22. Qg5 Nf3 23. Nxd5 Nxg5 24. Nxc7+ Rxc7 25. Rg2 Nf3 26. Bxg7 Nxg7 27. Rxg7 Nd4 28.
Rg4 Nxc2 29. Rxf4 e3 30. Kd1 Ke7 31. Bd3 Rd8 32. Ke2 Nxa3 33. f6+ Ke6 34. Kxe3 Rc3 35.
Rd1 Nc4+ 36. Rxc4 Rdxd3+ 37. Rxd3 Rxc4 0-1

[Event "Early-Titled-Tuesday-Blitz-February-06-2024"]
[Site "Chess.com"]
[Date "2024.02.06"]
[Round "6"]
[White "AlexPapasimakopoulos"]
[Black "Nouali_Mohamed"]
[Result "0-1"]
[WhiteElo "2744"]
[BlackElo "2570"]
[TimeControl "180+1"]
[EndTime "9:07:08 PST"]
[Termination "Nouali_Mohamed won by resignation"]

1. d4 Nf6 2. c4 g6 3. Nc3 Bg7 4. e4 O-O 5. f3 d6 6. Nge2 a6 7. Be3 Re8 8. Rc1 Nbd7 9. Qd2 c5 10. b3 e6 11. dxc5 dxc5 12. Na4 Qc7 13. Nec3 b6 14. Bf4 Ne5 15. Nxb6 Nxf3+ 16. gxf3 Qxb6 17. Bg2 Nh5 18. Be3 Rd8 19. Qc2 Bd4 20. Bxd4 cxd4 21. Na4 Qc7 22. O-O Nf4 23. Qd2 Qe5 24. Kh1 Bd7 25. Nb6 Rab8 26. c5 Bb5 27. Rfd1 Be2 28. Re1 d3 29. b4 Qg5 30.
Rg1 Nh3 31. Qe1 Nxg1 32. Qxg1 Qxc1 33. Qxc1 d2 34. Qxd2 Rxd2 35. h4 Rb7 36. f4 Rc7 37. a4 a5 38. Na8 Rc8 39. Nb6 Rc6 40. e5 Rxb6 41. cxb6 axb4 42. b7 Rd8 43. a5 b3 44.
Be4 b2 45. Kg2 Ba6 46. Kf2 Bxb7 0-1

[Event "Early-Titled-Tuesday-Blitz-February-06-2024"]
[Site "Chess.com"]
[Date "2024.02.06"]
[Round "6"]
[White "lachesisQ"]
[Black "Yaacovn"]
[Result "1-0"]
[WhiteElo "3085"]
[BlackElo "2836"]
[TimeControl "180+1"]
[EndTime "9:07:09 PST"]
[Termination "lachesisQ won on time"]

1. e4 c6 2. d4 d5 3. e5 Bf5 4. Nf3 e6 5. Ke2 Ne7 6. Ke1 Bg6 7. Bd3 c5 8. c3 cxd4 9. cxd4 Nbc6 10. Nc3 Rc8 11. a3 a6 12. g3 Nf5 13. Be3 Bh5 14. Be2 Be7 15. h3 Bxf3 16. Bxf3 Bg5 17. Bxg5 Qxg5 18. Ne2 Qd8 19. Bg4 Nfe7 20. h4 Qb6 21.
b4 a5 22. Rb1 axb4 23. axb4 O-O 24. Kf1 Na7 25. b5 Rc4 26. Kg2 Rfc8 27. Qd3 R8c7 28. Rb2 Nec8 29. Ra1 h6 30. h5 Nxb5 31. Qb3 Rxd4 32.
Nxd4 Qxd4 33. Ra4 Rc4 34. Rxc4 dxc4 35. Qxb5 Qxg4 36. Qe8+ Kh7 37. Qxc8 Qe4+ 38. Kh2 Qxe5 39. Qxb7 1-0

[Event "Early-Titled-Tuesday-Blitz-February-06-2024"]
[Site "Chess.com"]
[Date "2024.02.06"]
[Round "6"]
[White "AndresDelgado77"]
[Black "LornerAcosta"]
[Result "0-1"]
[WhiteElo "2350"]
[BlackElo "2502"]
[TimeControl "180+1"]
[EndTime "9:07:09 PST"]
[Termination "LornerAcosta won on time"]

1. e4 c5 2. Nf3 Nc6 3. b4 Nxb4 4.
c3 Nc6 5. d4 d5 6. exd5 Qxd5 7.
Be2 cxd4 8. cxd4 e6 9. O-O Nf6 10. Nc3 Qd8 11. Bf4 Bd6 12. Ne5 O-O 13. Bf3 Ne7 14.
Nb5 Bb8 15. Bg3 Nfd5 16. a4 Bd7 17. Rc1 a6 18. Na3 Nf5 19. Bxd5 exd5 20. Qf3 Nxg3 21. fxg3 Bxe5 22. dxe5 Bxa4 23. Rb1 Bc6 24. Qf4 d4 25. Rfd1 Qd5 26. Rb2 Rad8 27. Nc2 Ba4 28. Rxd4 Qc5 29. Qf2 Qxe5 30. Rxd8 Rxd8 31. Ne3 Bc6 32.
Re2 h5 33. Re1 Re8 34. Nc2 Qd5 35. Rxe8+ Bxe8 36. Ne3 Qe4 37. h3 Bc6 38. Kh2 g6 0-1

[Event "Early-Titled-Tuesday-Blitz-February-06-2024"]
[Site "Chess.com"]
[Date "2024.02.06"]
[Round "6"]
[White "Roedor"]
[Black "verrbaa"]
[Result "0-1"]
[WhiteElo "2332"]
[BlackElo "2495"]
[TimeControl "180+1"]
[EndTime "9:07:09 PST"]
[Termination "verrbaa won on time"]

1. c4 e5 2. g3 Nf6 3. Bg2 g6 4. Nc3 Bg7 5. Nf3 d6 6. O-O O-O 7. d3 Re8 8. e4 Nc6 9. Rb1 a5 10. a3 Bg4 11. h3 Bxf3 12. Bxf3 Nd4 13. Bg2 Nd7 14. b4 axb4 15. axb4 c6 16. Be3 Qe7 17. Bxd4 exd4 18. Ne2 Ra2 19. Ra1 Rea8 20. Rxa2 Rxa2 21. Re1 Qd8 22. b5 Nc5 23. bxc6 bxc6 24. Nf4 h6 25. h4 Qa5 26. Qb1 Be5 27. h5 g5 28. Nh3 Ra3 29.
Rd1 Rb3 30. Qc2 Qc3 0-1

[Event "Early-Titled-Tuesday-Blitz-February-06-2024"]
[Site "Chess.com"]
[Date "2024.02.06"]
[Round "6"]
[White "Payyappat"]
[Black "xamax2000"]
[Result "0-1"]
[WhiteElo "2496"]
[BlackElo "2862"]
[TimeControl "180+1"]
[EndTime "9:07:14 PST"]
[Termination "xamax2000 won on time"]

1. e4 e5 2. Nf3 Nc6 3. Bc4 Nf6 4. d4 exd4 5. e5 d5 6. Bb5 Ne4 7. Nxd4 Bd7 8. Bxc6 bxc6 9. O-O Bc5 10. c3 Bb6 11. f3 Ng5 12. f4 Ne4 13. Nd2 c5 14. N4b3 c4+ 15. Nd4 Nc5 16. Kh1 Nd3 17. Qf3 c5 18.
Qxd5 cxd4 19. Nxc4 O-O 20. cxd4 Be6 21. Qxd8 Rfxd8 22. Nxb6 axb6 23. Be3 Nxb2 24. f5 Bd5 25. Rfb1 Nc4 26.
Bf2 Ra4 27. Rb5 Bc6 28. Rb3 Be4 29. h3 Bxf5 30. Bg1 Be6 31. Rd1 h5 32. Rb5 Rd5 33.
Rdb1 Rxa2 34. R5b4 Rd8 35. Rc1 Rc8 36. Rb5 Ra5 37.
Rxa5 bxa5 38. Rb1 a4 0-1

[Event "Early-Titled-Tuesday-Blitz-February-06-2024"]
[Site "Chess.com"]
[Date "2024.02.06"]
[Round "6"]
[White "ExchangeAB"]
[Black "karinachess1"]
[Result "0-1"]
[WhiteElo "2428"]
[BlackElo "2635"]
[TimeControl "180+1"]
[EndTime "9:07:15 PST"]
[Termination "karinachess1 won by resignation"]

1. d4 Nf6 2. Nf3 e6 3. c3 Be7 4.
Bf4 b6 5. e3 Bb7 6. h3 O-O 7.
Be2 d6 8. O-O Nbd7 9. Nbd2 Ne4 10.
Nxe4 Bxe4 11. Nd2 Bb7 12. Bf3 Bxf3 13. Qxf3 d5 14. Qe2 c5 15. Nf3 Qc8 16. a4 Qb7 17.
Ne5 Nxe5 18. Bxe5 a6 19. Rfe1 b5 20. axb5 axb5 21. Qg4 g6 22. dxc5 Bxc5 23. Qg5 Be7 24. Qh6 f6 25. Bg3 Rf7 26. Qf4 Bf8 27. Rxa8 Qxa8 28. e4 e5 29. Qf3 dxe4 30. Qxe4 Qxe4 31. Rxe4 Rd7 32. Re2 Rd1+ 33. Kh2 Bd6 34. f3 Kf7 35. Rc2 Bc5 36. Bf2 Bxf2 37. Rxf2 Ke6 38. Rc2 Kd5 39. b3 f5 40. c4+ bxc4 41. Rxc4 Rb1 42. Rc7 h5 43.
Rg7 e4 44. fxe4+ fxe4 45. Rxg6 e3 46. Rg5+ Kd4 47. Rg8 e2 48. Re8 e1=Q 49. Rxe1 Rxe1 50. Kg3 Re2 51. b4 Ke5 52. Kh4 Rxg2 53. Kxh5 Kf6 0-1

[Event "Early-Titled-Tuesday-Blitz-February-06-2024"]
[Site "Chess.com"]
[Date "2024.02.06"]
[Round "6"]
[White "the_blue_pill"]
[Black "abelmat"]
[Result "1-0"]
[WhiteElo "2306"]
[BlackElo "2080"]
[TimeControl "180+1"]
[EndTime "9:07:15 PST"]
[Termination "the_blue_pill won on time"]

1. d4 d5 2. c4 e6 3. Nc3 Nf6 4.
cxd5 exd5 5. Bg5 c6 6. e3 Be7 7.
Bd3 O-O 8. Nge2 Nbd7 9. Qc2 Re8 10.
O-O-O b5 11. Kb1 a5 12. Rc1 a4 13. h4 Nb6 14. Bxf6 Bxf6 15. Bxh7+ Kh8 16. Bd3 b4 17. Nd1 Be6 18. Nf4 Nc4 19. Nxe6 Rxe6 20. Bxc4 dxc4 21. Qxc4 b3 22. a3 Ra5 23. Nc3 c5 24. dxc5 Rc6 25.
Ne4 Re6 26. Ng5 Qd2 27. Nxf7+ Kg8 28. Ne5 Ra6 29. Rhd1 Qxf2 30. Rf1 Qxg2 31. Rxf6 gxf6 32. c6 Rxc6 33. Nxc6 Qg6+ 34. Ka1 Kf7 35. Nd4 Qg4 36. Nxe6 Kg6 37. Nf4+ Kh6 38. Qxa4 Qf3 39. Qxb3 1-0

[Event "Early-Titled-Tuesday-Blitz-February-06-2024"]
[Site "Chess.com"]
[Date "2024.02.06"]
[Round "6"]
[White "Ducke13"]
[Black "deepfear"]
[Result "1-0"]
[WhiteElo "2292"]
[BlackElo "1969"]
[TimeControl "180+1"]
[EndTime "9:07:15 PST"]
[Termination "Ducke13 won on time"]

1. d4 Nf6 2. g3 g6 3. Bg2 Bg7 4. e4 d6 5. Ne2 O-O 6. O-O e5 7. Nbc3 Nc6 8. dxe5 Nxe5 9. f4 Nc6 10. h3 h5 11. a4 Re8 12. a5 a6 13. Ra3 Qe7 14. Be3 Be6 15. Bf2 Rad8 16. Re1 Qd7 17. Kh2 Bh6 18. Nd4 Nxd4 19. Bxd4 Nh7 20. f5 gxf5 21.
Qxh5 Bg7 22. Bxg7 Kxg7 23. Rf1 fxe4 24. Nxe4 f5 25. Rf4 fxe4 26. Bxe4 Kh8 27. Rh4 Re7 28. Re3 Rf8 29. Bg6 Rg7 30. Kg1 1-0

[Event "Early-Titled-Tuesday-Blitz-February-06-2024"]
[Site "Chess.com"]
[Date "2024.02.06"]
[Round "6"]
[White "RobertJFischer71"]
[Black "snowlord"]
[Result "1-0"]
[WhiteElo "2585"]
[BlackElo "2854"]
[TimeControl "180+1"]
[EndTime "9:07:16 PST"]
[Termination "RobertJFischer71 won on time"]

1. e4 Nf6 2. e5 Nd5 3. d4 d6 4.
Nf3 Bg4 5. Be2 c6 6. O-O Bxf3 7. Bxf3 dxe5 8. dxe5 e6 9. c4 Ne7 10. Qe2 Nd7 11.
Bg5 Qc7 12. Bxe7 Bxe7 13. Re1 Bc5 14. Nc3 Bd4 15. Rad1 Bxe5 16. Rxd7 Bxh2+ 17. Kh1 Kxd7 18. g3 Bxg3 19. fxg3 Qxg3 20. Ne4 Qh4+ 21. Kg2 Rad8 22. Rh1 Qf4 23. Qf2 b6 24. c5 Kc7 25. Qf1 Rd2+ 26.
Nxd2 Qxd2+ 27. Qf2 Qg5+ 28. Qg3+ Qxg3+ 29. Kxg3 bxc5 30. Rc1 Rd8 31. Rxc5 Rd6 32. b4 Kd7 33. Ra5 e5 34.
Rxa7+ Ke6 35. Rc7 Rd3 36. Rxc6+ Kf5 37. b5 g5 38. b6 e4 39. b7 1-0

[Event "Early-Titled-Tuesday-Blitz-February-06-2024"]
[Site "Chess.com"]
[Date "2024.02.06"]
[Round "6"]
[White "yuriydovzik"]
[Black "SujanaLohani"]
[Result "1-0"]
[WhiteElo "2215"]
[BlackElo "1981"]
[TimeControl "180+1"]
[EndTime "9:07:16 PST"]
[Termination "yuriydovzik won on time"]

1. Nf3 c5 2. e3 d5 3. d4 cxd4 4. exd4 Nc6 5. Bd3 Nf6 6. c3 Bg4 7. O-O e6 8. h3 Bh5 9. g4 Bg6 10. Ne5 Bd6 11. f4 Bxd3 12. Qxd3 h5 13. g5 Ne4 14. Nd2 Nxd2 15. Bxd2 Qc7 16. g6 f6 17. Nf7 Kd7 18. Nxh8 Rxh8 19. f5 e5 20. dxe5 Nxe5 21. Qxd5 Qb6+ 22. Kh1 Ng4 23. Bf4 Ne5 24. Bxe5 fxe5 25.
Rad1 Rf8 26. Qxe5 Rf6 27. Qd4 Qxb2 28. Rd2 Qb5 29. Rfd1 1-0

[Event "Early-Titled-Tuesday-Blitz-February-06-2024"]
[Site "Chess.com"]
[Date "2024.02.06"]
[Round "6"]
[White "KhazhatulyAlikhan"]
[Black "PolandHussars"]
[Result "1-0"]
[WhiteElo "2413"]
[BlackElo "2560"]
[TimeControl "180+1"]
[EndTime "9:07:17 PST"]
[Termination "KhazhatulyAlikhan won by checkmate"]

1. e4 d5 2. exd5 Qxd5 3. Nc3 Qd6 4. d4 c6 5. Nf3 Nf6 6. Bc4 Bf5 7. O-O e6 8. Ne5 Nbd7 9. Bf4 Qb4 10. Bb3 Nxe5 11. Bxe5 Be7 12. a3 Qb6 13. Re1 O-O 14. Qf3 Nd7 15. Rad1 Nxe5 16. dxe5 Rfd8 17. Ne4 h6 18.
Nd6 Bxd6 19. exd6 Rd7 20. g4 Bg6 21. h4 Re8 22. h5 Bh7 23. Re2 Qc5 24. Qf4 b5 25. Re5 Qb6 26. g5 hxg5 27. Rxg5 Kh8 28. h6 f5 29. hxg7+ Rxg7 30. Qe5 Rg8 31. d7 Qd8 32.
Rxg7 Rxg7+ 33. Kf1 Bg8 34. Rd3 Bf7 35. Rg3 Kg8 36.
Qxg7# 1-0

[Event "Early-Titled-Tuesday-Blitz-February-06-2024"]
[Site "Chess.com"]
[Date "2024.02.06"]
[Round "6"]
[White "JoachimBN"]
[Black "FLYD"]
[Result "1-0"]
[WhiteElo "2617"]
[BlackElo "2080"]
[TimeControl "180+1"]
[EndTime "9:07:18 PST"]
[Termination "JoachimBN won by resignation"]

1. d4 Nf6 2. c4 e6 3. Nc3 Bb4 4.
f3 d5 5. a3 Bxc3+ 6. bxc3 O-O 7. cxd5 Nxd5 8. e4 Nf6 9. Be3 c5 10. dxc5 Qa5 11. Qb3 Nbd7 12. Bb5 Qc7 13. Qb4 b6 14. cxb6 axb6 15. Ne2 Bb7 16. O-O Nc5 17. Rfd1 h6 18. Nd4 Qe5 19. a4 Nfxe4 20. Nc6 Bxc6 21. Bd4 Qc7 22. fxe4 Nxe4 23. Be2 Rfb8 24. Rdb1 Qf4 25.
Bf3 Nd2 26. Bxc6 Nxb1 27. Rxb1 Ra5 28. Bxb6 Rxb6 29. Qxb6 Rf5 30. Bf3 g5 31. Qb8+ Kg7 32. Qxf4 Rxf4 33. Ra1 g4 34. Be2 Re4 35. Bb5 f5 36. a5 f4 37. a6 f3 38. a7 f2+ 39. Kxf2 Re1 40. Kxe1 1-0

[Event "Early-Titled-Tuesday-Blitz-February-06-2024"]
[Site "Chess.com"]
[Date "2024.02.06"]
[Round "6"]
[White "laskakid"]
[Black "IriBu"]
[Result "0-1"]
[WhiteElo "2341"]
[BlackElo "2533"]
[TimeControl "180+1"]
[EndTime "9:07:19 PST"]
[Termination "IriBu won on time"]

1. d4 Nf6 2. c4 g6 3. Nc3 Bg7 4. Nf3 d5 5. Bg5 dxc4 6. e4 Bg4 7. Bxc4 Nc6 8. d5 Ne5 9. Qa4+ Bd7 10. Bb5 Nxf3+ 11.
gxf3 Bxb5 12. Qxb5+ Nd7 13. O-O-O O-O 14. h4 h5 15. Rhg1 a6 16. Qb4 Re8 17. Kb1 Ne5 18.
Rg3 Qd6 19. Qb3 b5 20. f4 Nc4 21. f5 Kh7 22. fxg6+ fxg6 23. f4 Qc5 24. f5 gxf5 25.
exf5 Qf2 26. Rdg1 Qxf5+ 27. Ka1 Rg8 28. Bxe7 Bxc3 29. Qxc3 Rg4 30. Rxg4 hxg4 31. Qd4 Re8 32. Bf6 Re4 33. Qc3 Rf4 34. Bh8 Rf1+ 0-1

[Event "Early-Titled-Tuesday-Blitz-February-06-2024"]
[Site "Chess.com"]
[Date "2024.02.06"]
[Round "6"]
[White "SahibSinghKnight"]
[Black "vladoboch"]
[Result "0-1"]
[WhiteElo "2640"]
[BlackElo "2478"]
[TimeControl "180+1"]
[EndTime "9:07:20 PST"]
[Termination "vladoboch won by resignation"]

1. e4 e5 2. Nf3 Nc6 3. Bb5 a6 4. Ba4 Nf6 5. O-O b5 6. Bb3 Bc5 7. c3 d6 8. h3 O-O 9. d4 Bb6 10. Bg5 h6 11. Bh4 g5 12. Nxg5 hxg5 13. Bxg5 exd4 14.
Qf3 Kg7 15. Bd5 Bd7 16. Qg3 Nh5 17. Qh4 f6 18. Bc1 Qe8 19. g4 Qg6 20. Qxh5 Qxh5 21. gxh5 Rae8 22. Kh2 Re5 23. h6+ Kh8 24. f4 Rh5 25. f5 Ne5 26. Kg3 c6 27. Be6 Bxe6 28. fxe6 Rg8+ 29. Kf2 dxc3+ 30. Ke1 Nd3+ 31. Ke2 Nxc1+ 32.
Rxc1 cxb2 0-1

[Event "Early-Titled-Tuesday-Blitz-February-06-2024"]
[Site "Chess.com"]
[Date "2024.02.06"]
[Round "6"]
[White "BeautiFullMindChess"]
[Black "Schattman"]
[Result "1-0"]
[WhiteElo "2290"]
[BlackElo "2404"]
[TimeControl "180+1"]
[EndTime "9:07:20 PST"]
[Termination "BeautiFullMindChess won on time"]

1. e4 e5 2. Nf3 Nc6 3. Bc4 Bc5 4. d3 Nf6 5. a4 a6 6. O-O d6 7. c3 Ba7 8. Nbd2 O-O 9. h3 h6 10. Re1 Re8 11. Nf1 Be6 12. Bxe6 Rxe6 13. Ng3 Re8 14. Nf5 d5 15. Qe2 Ne7 16. N3h4 Nxf5 17. Nxf5 Qd7 18.
Qf3 dxe4 19. dxe4 Qe6 20. g4 Kh7 21. g5 Ng8 22. gxh6 Nxh6 23. Bxh6 gxh6 24. Kh2 Rg8 25.
Rg1 Rg6 26. Rg3 Rag8 27. Rag1 Rxg3 28. Rxg3 Rxg3 29. fxg3 Qb6 30. h4 Qxb2+ 31. Kh3 Qb1 32. Kg4 Qc1 33. Kh5 Qd2 34. Qg4 1-0

[Event "Early-Titled-Tuesday-Blitz-February-06-2024"]
[Site "Chess.com"]
[Date "2024.02.06"]
[Round "6"]
[White "ChessSG1"]
[Black "yaguigor"]
[Result "0-1"]
[WhiteElo "2427"]
[BlackElo "2745"]
[TimeControl "180+1"]
[EndTime "9:07:21 PST"]
[Termination "yaguigor won on time"]

1. c4 c6 2. g3 d5 3. Nf3 Nf6 4. Bg2 Bg4 5. Qb3 Qb6 6. cxd5 Qxb3 7. axb3 Nxd5 8. O-O Nd7 9. Nc3 Nb4 10. d3 e5 11. Nd2 Nc5 12. Rb1 Be6 13. Nc4 f6 14.
f4 Nxb3 15. fxe5 Nxc1 16. Rbxc1 Bxc4 17. dxc4 fxe5 18. Ne4 O-O-O 19. Rf5 Re8 20. Bh3 Kb8 21. Rf7 Re7 22. Rcf1 Rxf7 23. Rxf7 h6 24. c5 Na6 25. b4 Nxb4 26. Nd6 Bxd6 27. cxd6 g5 28. Re7 Rd8 29. d7 Kc7 30. Rxe5 Nd5 31. Be6 Nb6 32. Rf5 Nxd7 33. Rf7 b5 34. Rh7 a5 35. Rxh6 a4 0-1